 Dungeon Crawl Stone Soup version 0.31-a0-37-g98a128e1d9 (webtiles) character file.

Game seed: 6109205248490535365

26833 vineage the Impaler (level 13, -30/104 HPs)
             Began as a Merfolk Fighter on May 15, 2023.
             Was a High Priest of Okawaru.
             Annihilated by a titanic slime creature (64 damage)
             ... on level 12 of the Dungeon.
             The game lasted 00:17:27 (14413 turns).

vineage the Impaler (Merfolk Fighter)              Turns: 14413, Time: 00:17:28

Health: -30/104    AC: 31    Str: 27    XL:     13   Next: 28%
Magic:  27/28      EV: 15    Int: 11    God:    Okawaru [*****.]
Gold:   1110       SH: 19    Dex: 18    Spells: 12/12 levels left

rFire   . . .        E - +4 trident (protect)
rCold   . . .        g - +1 kite shield
rNeg    . . .        O - +0 plate armour
rPois   .            C - +2 helmet "Nostru" {MP+9 Dex+4 Slay+3}
rElec   .            G - +0 cloak {Stlth+}
rCorr   .            c - +0 pair of gloves
SInv    .            P - +0 pair of boots of the Sparrow {Regen+ Int+4}
Will    .....        J - amulet of reflection Stlth
                     r - +4 ring of slaying
HPRegen 1.17/turn    n - +6 ring of strength
MPRegen 0.21/turn

%: reflection
@: heroic, under a protective aura
A: (nimble swimmer 2), mertail
a: Renounce Religion, Heroism, Finesse, Duel


You were on level 12 of the Dungeon.
You worshipped Okawaru.
Okawaru was extremely pleased with you.
You visited 1 branch of the dungeon, and saw 12 of its levels.
You also visited: Bailey and Ice Cave.

You collected 1110 gold pieces.

Inventory:

Hand Weapons
 a - a +1 trident
 E - a +4 trident of protection (weapon)
Missiles
 F - 2 throwing nets (quivered)
Armour
 c - a +0 pair of gloves (worn)
 g - a +1 kite shield (worn)
 C - the +2 helmet "Nostru" (worn) {MP+9 Dex+4 Slay+3}
   (You acquired it on level 8 of the Dungeon)

   Dex:       It affects your dexterity (+4).
   Slay:      It affects your accuracy & damage with ranged weapons and melee
   (+3).
   MP:        It affects your magic capacity (+9).
 G - a +0 cloak of stealth (worn)
 O - a +0 plate armour (worn)
 P - the +0 pair of boots of the Sparrow (worn) {Regen+ Int+4}
   (Okawaru gifted it to you on level 12 of the Dungeon)

   Int:       It affects your intelligence (+4).
   Regen:     It increases your rate of health regeneration.
Jewellery
 d - an amulet of guardian spirit
 e - an amulet of the acrobat
 f - a ring of willpower
 h - a ring of protection from cold
 n - a +6 ring of strength (right hand)
 q - a ring of see invisible
 r - a +4 ring of slaying (left hand)
 t - a ring of ice
 y - a +6 ring of strength
 z - the ring of Starshine {Wiz Int+3 Slay+2}
   (You found it on level 7 of the Dungeon)

   [ring of wizardry]

   It improves your spell success rate.
   Int:       It affects your intelligence (+3).
   Slay:      It affects your accuracy & damage with ranged weapons and melee
   (+2).
 B - a ring of protection from cold
 J - an amulet of reflection (around neck)
Wands
 b - a wand of roots (12)
 l - a wand of polymorph (12)
 x - a wand of mindburst (5)
Scrolls
 j - 5 scrolls of teleportation
 p - a scroll of enchant weapon
 u - 2 scrolls of fear
 w - 5 scrolls of enchant armour
 D - 2 scrolls of amnesia
 I - 3 scrolls of torment
 L - a scroll of noise
 M - a scroll of magic mapping
Potions
 k - a potion of mutation
 m - 4 potions of cancellation
 o - 5 potions of brilliance
 s - 4 potions of attraction
 v - 9 potions of curing
 A - 3 potions of haste
 H - 2 potions of flight
 K - a potion of might
 N - a potion of invisibility {unknown}


   Skills:
 + Level 10.7(15.7) Fighting
 + Level 15.6(20.6) Polearms
 * Level 7.7(12.7) Armour
 + Level 9.9(14.9) Dodging
 + Level 8.4(13.4) Shields
 * Level 8.4 Invocations


You had 12 spell levels left.
You didn't know any spells.
Your spell library contained the following spells:

 Spells                   Type           Power      Damage    Failure   Level
 Gell's Gravitas          Tloc           0%         N/A       100%        3
 Ozocubu's Armour         Ice            0%         N/A       100%        3
 Teleport Other           Tloc           0%         N/A       100%        3
 Anguish                  Hex/Necr       0%         N/A       100%        4
 Cause Fear               Hex            0%         N/A       100%        4
 Conjure Ball Lightning   Conj/Air       0%         3x3d6     100%        6
 Dispersal                Tloc           0%         N/A       100%        6
 Enfeeble                 Hex            0%         N/A       100%        7
 Ozocubu's Refrigeration  Ice            0%         4d7       100%        7
 Discord                  Hex            0%         N/A       100%        8
 Disjunction              Tloc           0%         N/A       100%        8


Dungeon Overview and Level Annotations

Branches:
Dungeon (12/15)            Temple (0/1) D:7            Lair (0/5) D:9
    Orc (0/2) D:12         Bailey (visited)           IceCv (visited)

Altars:
Ashenzari
Elyvilon
Fedhas
Gozag
Hepliaklqana
Nemelex Xobeh
Okawaru
Ru
Sif Muna
Uskayaw
Vehumet
Wu Jian

Annotations:
D:6 1 runed translucent door
D:12 Maurice


Innate Abilities, Weirdness & Mutations

((You are very nimble when in or above water. (Stealth+, EV+, Speed+++)))
Your lower body shifts to a powerful aquatic tail in water.


Message History

The enormous slime creature is moderately wounded.
Two slime creatures merge to form a titanic slime creature.
You impale the titanic slime creature!!
The titanic slime creature is moderately wounded.
You puncture the titanic slime creature!
The titanic slime creature is heavily wounded.
You impale the titanic slime creature!!
The titanic slime creature is heavily wounded.
You puncture the titanic slime creature!
The titanic slime creature is heavily wounded.
You puncture the titanic slime creature!
The titanic slime creature is heavily wounded.
The titanic slime creature hits you.
You puncture the titanic slime creature!
The titanic slime creature is heavily wounded.
The titanic slime creature hits you!!!
Ouch! That really hurt!
* * * LOW HITPOINT WARNING * * *
You are too injured to fight recklessly!
You are too injured to fight recklessly!
You gain the combat prowess of a mighty hero.
You block the titanic slime creature's attack.
You impale the titanic slime creature!!
The titanic slime creature is severely wounded.
You hit the titanic slime creature.
The titanic slime creature is severely wounded.
The titanic slime creature misses you.
You puncture the titanic slime creature!
The titanic slime creature is severely wounded.
You block the titanic slime creature's attack.
You impale the titanic slime creature!!
The titanic slime creature is severely wounded.
You puncture the titanic slime creature!
The titanic slime creature is almost dead.
The titanic slime creature barely misses you.
You impale the titanic slime creature!!
The titanic slime creature is almost dead.
The titanic slime creature hits you!!!
Ouch! That really hurt!
You die...

#.†.....#.....###.....#
#.##{.................#
#<##†####.....##......#
#.##.# ##...###......#
.?.#.# ##.## #.#...##
.....# #.####.##.##
#....# #.........#
##..## ######.####
..#.# #@# ..#.. #J#
..##. #J# .8... #.#
^##..# #.# ## #.# .#
#.# ... ..# ..#


You could see a titanic slime creature and a slime creature.

Vanquished Creatures
  4 two-headed ogres
  A boulder beetle (D:12)
  2 ironbound frosthearts (IceCv)
  5 death yaks (IceCv)
  The ghost of windycow the Fighter, a novice MiFi of Okawaru (D:8)
  The ghost of ThereIsNoGod the Ducker, a novice OpFi (D:7)
  3 manticores
  The ghost of pk666 the Thaumaturge, a novice DEHW of Vehumet (D:6)
  2 ugly things (D:12)
  2 cyclopes (D:11)
  Joseph (D:7)
  An ice statue (IceCv)
  A gargoyle (D:11)
  A komodo dragon (D:12)
  An unseen horror (D:12)
  2 ice devils (D:11)
  3 trolls
  14 polar bears (IceCv)
  A shadow (D:11)
  A wyvern (D:10)
  A wraith (D:12)
  A vampire (D:10)
  19 yaks
  4 vampire mosquitoes (D:11)
  A steam dragon (D:5)
  Menkaure (D:5)
  2 water moccasins
  2 acid dragons
  8 orc warriors
  2 ice beasts
  A black bear (D:6)
  An ogre (D:6)
  22 wolves
  6 centaurs
  A kobold brigand (D:10)
  7 bullfrogs
  2 gnoll sergeants
  3 killer bees
  An electric eel (D:9)
  12 howler monkeys
  10 hounds
  2 jellies (D:6)
  5 orc priests
  2 gnoll boudas
  2 iguanas
  7 orc wizards
  Robin (D:4)
  21 gnolls
  12 adders
  A shadow imp (D:7)
  2 white imps
  An ufetubus (D:5)
  2 worms
  2 dart slugs
  31 orcs
  5 ball pythons
  5 endoplasms
  3 giant cockroaches
  20 goblins
  12 hobgoblins
  2 jackals (D:1)
  2 quokkas (D:1)
  7 bats
  2 frilled lizards (D:1)
  22 kobolds
  3 rats
329 creatures vanquished.

Notes
Turn   | Place    | Note
-------+----------+-------------------------------------------
     0 | D:1      | vineage the Merfolk Fighter began the quest for the Orb.
     0 | D:1      | Reached XP level 1. HP: 18/18 MP: 1/1
   164 | D:1      | Reached skill level 3 in Polearms
   195 | D:1      | Reached XP level 2. HP: 24/24 MP: 2/2
   624 | D:1      | Reached skill level 4 in Polearms
   630 | D:1      | Reached XP level 3. HP: 27/30 MP: 3/3
  1231 | D:2      | Reached XP level 4. HP: 37/37 MP: 4/4
  1346 | D:2      | Reached skill level 5 in Polearms
  1984 | D:3      | Reached XP level 5. HP: 18/43 MP: 5/5
  2363 | D:3      | Reached skill level 6 in Polearms
  2861 | D:4      | Noticed Robin
  2904 | D:4      | Killed Robin
  3090 | D:4      | Reached XP level 6. HP: 17/50 MP: 6/6
  3583 | D:4      | Found a hide-covered altar of Uskayaw.
  3583 | D:4      | Found a broken altar of Ashenzari.
  3702 | D:5      | Entered Level 5 of the Dungeon
  3776 | D:5      | Reached skill level 5 in Fighting
  3776 | D:5      | Reached skill level 7 in Polearms
  3897 | D:5      | Found a radiant altar of Vehumet.
  3902 | D:5      | Noticed Menkaure
  3914 | D:5      | Killed Menkaure
  3915 | D:5      | Reached skill level 8 in Polearms
  3915 | D:5      | Reached XP level 7. HP: 33/56 MP: 7/7
  4207 | D:5      | Reached skill level 9 in Polearms
  4224 | D:5      | Noticed a steam dragon
  4235 | D:5      | Killed a steam dragon
  4592 | D:6      | Reached XP level 8. HP: 61/65 MP: 8/8
  4691 | D:6      | Reached skill level 10 in Polearms
  4691 | D:6      | Reached skill level 1 in Dodging
  4816 | D:6      | Found a runed translucent door.
  4817 | D:6      | Noticed pk666's ghost (novice DEHW)
  5203 | D:6      | Found a runed translucent door.
  5220 | D:6      | Killed pk666's ghost
  5221 | D:6      | Reached skill level 11 in Polearms
  5221 | D:6      | Reached XP level 9. HP: 70/72 MP: 9/9
  5366 | D:7      | Found an iron altar of Okawaru.
  5374 | D:7      | Became a worshipper of Warmaster Okawaru
  5588 | D:7      | Noticed Joseph
  5624 | D:7      | Killed Joseph
  5625 | D:7      | Reached skill level 12 in Polearms
  5885 | D:7      | Identified the ring of Starshine {Wiz Int+3 Slay+2}
  5887 | D:7      | Found a runed translucent gate.
  5979 | D:7      | Found a hazy altar of Hepliaklqana.
  5981 | D:7      | Found a blossoming altar of Fedhas.
  5984 | D:7      | Found a sparkling altar of Nemelex Xobeh.
  6157 | D:7      | Found a staircase to the Ecumenical Temple.
  6335 | D:7      | Found a runed translucent gate.
  6336 | D:7      | Found a runed translucent gate.
  6379 | D:7      | Found a shimmering blue altar of Sif Muna.
  6556 | D:7      | Noticed ThereIsNoGod's ghost (novice OpFi)
  6570 | D:7      | Killed ThereIsNoGod's ghost
  6570 | D:7      | Reached * piety under Okawaru
  6571 | D:7      | Reached skill level 5 in Dodging
  6571 | D:7      | Reached skill level 5 in Shields
  6571 | D:7      | Reached XP level 10. HP: 53/80 MP: 10/10
  6667 | D:8      | Noticed windycow's ghost (novice MiFi)
  6678 | D:8      | Found a runed translucent door.
  6814 | D:8      | Found a flagged portal.
  6825 | Bailey   | Entered a bailey
  6843 | Bailey   | Noticed an orc warlord
  7114 | Bailey   | Reached skill level 13 in Polearms
  7165 | Bailey   | Found a runed translucent gate.
  7166 | Bailey   | Found a runed translucent gate.
  7167 | Bailey   | Found a runed translucent gate.
  7462 | D:8      | Acquired the +2 helmet "Nostru" {MP+9 Dex+4 Slay+3}
  7872 | D:8      | Killed windycow's ghost
  7872 | D:8      | Reached ** piety under Okawaru
  7934 | D:9      | Noticed a two-headed ogre
  7941 | D:9      | Found an opulent altar of Gozag.
  7965 | D:9      | Killed a two-headed ogre
  8006 | D:9      | Reached skill level 14 in Polearms
  8041 | D:9      | Reached *** piety under Okawaru
  8256 | D:9      | Found a staircase to the Lair.
  8420 | D:9      | Reached XP level 11. HP: 87/87 MP: 11/11
  8450 | D:9      | Found a sacrificial altar of Ru.
  8543 | D:9      | Found a white marble altar of Elyvilon.
  8722 | D:10     | Entered Level 10 of the Dungeon
  8731 | D:10     | Reached skill level 1 in Invocations
  9019 | D:10     | Reached skill level 5 in Armour
  9596 | D:10     | Noticed a two-headed ogre
  9600 | D:10     | Killed a two-headed ogre
  9600 | D:10     | Reached **** piety under Okawaru
  9844 | D:11     | Noticed a cyclops
  9862 | D:11     | Killed a cyclops
  9875 | D:11     | Found a frozen archway.
  9893 | IceCv    | Entered an ice cave
  9986 | IceCv    | Reached ***** piety under Okawaru
 10971 | IceCv    | Reached skill level 5 in Invocations
 11003 | IceCv    | Reached XP level 12. HP: 96/97 MP: 15/15
 11326 | IceCv    | Reached skill level 10 in Fighting
 11363 | IceCv    | Noticed a death yak
 11365 | IceCv    | Noticed a death yak
 11366 | IceCv    | Noticed a death yak
 11383 | IceCv    | Killed a death yak
 11383 | IceCv    | Received a gift from Okawaru
 11391 | IceCv    | Killed a death yak
 11408 | IceCv    | Killed a death yak
 11409 | IceCv    | Reached skill level 15 in Polearms
 11732 | IceCv    | Noticed an ironbound frostheart
 11732 | IceCv    | Noticed an ironbound frostheart
 11733 | IceCv    | Noticed a death yak
 11733 | IceCv    | Noticed a death yak
 11749 | IceCv    | Killed an ironbound frostheart
 11756 | IceCv    | Killed a death yak
 11762 | IceCv    | Killed a death yak
 11791 | IceCv    | Killed an ironbound frostheart
 11879 | IceCv    | Identified the +0 robe of Ethics {rF+ Dex+6}
 12352 | D:11     | Noticed a two-headed ogre
 12360 | D:11     | Killed a two-headed ogre
 12714 | D:11     | Reached XP level 13. HP: 71/104 MP: 18/18
 12866 | D:11     | Found an ornate altar of the Wu Jian Council.
 13577 | D:12     | Found a staircase to the Orcish Mines.
 13648 | D:12     | Reached ****** piety under Okawaru
 13974 | D:12     | Identified the +0 pair of boots of the Sparrow {Regen+
                  | Int+4} (Okawaru gifted it to you on level 12 of the
                  | Dungeon)
 13974 | D:12     | Received a gift from Okawaru
 14038 | D:12     | Noticed Maurice
 14413 | D:12     | Annihilated by a titanic slime creature

Illustrated notes

Levels and vault maps discovered:
D:1:      eino_arrival_cavern_a, layout_loops_ring, dk_noncrumbling_3
D:2:      minmay_door_path, layout_basic, columned_hall_lemuel
D:3:      layout_loops_ring, minmay_gold_behind_fungi
D:4:      layout_loops_ring, gammafunk_temple_overflow_statue,
          minmay_misc_feat_alley, uniq_robin
D:5:      layout_rooms, vehumet_crystals, kennysheep_nub, minivault_27,
          uniq_menkaure
D:6:      layout_cave_pools, ebering_ghost_sewer_f
D:7:      layout_basic, mainiacjoe_overflow_alcove_1, lemuel_tele_altar,
          grunt_temple_overflow_diamond, minmay_temple_entry_arrows,
          ebering_ghost_rock_garden, uniq_joseph
D:8:      layout_basic, hellmonk_ghost_happy_afterlife, enter_bailey_2
D:9:      layout_cross, mainiacjoe_overflow_brackets, elyvilon_altar_5,
          grunt_gozag_statues, erik_lair_island, item_on_display_a
D:10:     layout_cave_pods
D:11:     layout_basic, portal_ice_cave_demonic_guard, nzn_wu_jian_council_hall
D:12:     hellmonk_crumbling_castle, layout_loops_ring, uniq_maurice

Skill      XL: |  1  2  3  4  5  6  7  8  9 10 11 12 13 |
---------------+----------------------------------------+-----
Polearms       | 3 4 5 6 8 9 11 12 14 15 | 15.6
Fighting       | 4 5 6 7 8 9 10 | 10.7
Dodging        | 3 5 7 8 9 |  9.9
Armour         | 3 4 6 7 |  7.7
Shields        | 4 5 6 7 8 |  8.4
Invocations    | 5 7 8 |  8.4

Action                     |  1- 3 |  4- 6 |  7- 9 | 10-12 | 13-15 || total
---------------------------+-------+-------+-------+-------+-------++-------
  Melee: Trident           |   117 |   191 |   205 |   666 |   128 ||  1307
         Tailslap          |       |       |       |    15 |       ||    15
         Unarmed           |       |       |       |       |     9 ||     9
 Invoke: Heroism           |       |       |       |    11 |     3 ||    14
    Use: Scroll            |     2 |    11 |     2 |     8 |     6 ||    29
         Potion            |       |     4 |     4 |     5 |     1 ||    14
 Armour: Chain mail        |    52 |    65 |    69 |    42 |       ||   228
         Scale mail        |     2 |       |       |       |       ||     2
         Plate armour      |       |       |       |    58 |    31 ||    89
  Dodge: Dodged            |    34 |    35 |    67 |   131 |    27 ||   294
  Block: Buckler           |    14 |       |       |       |       ||    14
         Kite shield       |       |    68 |   108 |   293 |    38 ||   507
         Reflection        |       |       |       |     2 |       ||     2
         Other             |       |       |       |       |     4 ||     4

Table legend: (Time is in decaauts)
 A = Elapsed time spent in this place.
 B = Non-inter-level travel time spent in this place.
 C = Inter-level travel time spent in this place.
 D = Time resting spent in this place.
 E = Time spent auto-exploring this place.
 F = Levels seen in this place.
 G = Mean time per level.
                   A        B        C        D        E       F      G
               +--------+--------+--------+--------+--------+-----+--------+
         Total |  14128 |  13579 |    549 |   3074 |   8192 |  14 | 1009.1 |
       Dungeon |  11315 |  10766 |    549 |   1462 |   7689 |  12 |  942.9 |
        Bailey |    480 |    480 |      0 |    175 |    162 |   1 |  480.0 |
      Ice Cave |   2332 |   2332 |      0 |   1437 |    340 |   1 | 2332.0 |
               +--------+--------+--------+--------+--------+-----+--------+

Top non-repeatable levels by time:
   IceCv: 2332 daAuts
     D:7: 1315 daAuts
    D:11: 1171 daAuts
     D:4: 1070 daAuts
    D:10: 1044 daAuts
     D:2: 972 daAuts
    D:12: 933 daAuts
     D:5: 906 daAuts
     D:3: 894 daAuts
     D:1: 804 daAuts
     D:9: 762 daAuts
     D:6: 720 daAuts
     D:8: 718 daAuts
  Bailey: 480 daAuts
